 Dungeon Crawl Stone Soup version 0.25-a0-2-g6559c6c67a (webtiles) character file.

Game seed: 13969838384056735385, levelgen mode: deterministic

2697 Conn the Covert (level 9, -11/56 HPs)
             Began as an Octopode Fire Elementalist on Oct 14, 2019.
             Mangled by an orc warrior
             ... wielding a +0 flail
              (20 damage)
             ... on level 8 of the Dungeon.
             The game lasted 00:23:24 (5101 turns).

Conn the Covert (Octopode Fire Elementalist)        Turns: 5101, Time: 00:23:24

Health: -11/56     AC:  1    Str:  9    XL:     9   Next: 65%
Magic:  16/16      EV: 15    Int: 18    God:
Gold:   395        SH:  0    Dex: 13    Spells: 1/17 levels left

rFire    . . .     SeeInvis .   d - +3 whip (elec)
rCold    . . .     Gourm    .   (no shield)
rNeg     . . .     Faith    .   (helmet restricted)
rPois    .         Spirit   .   g - amulet of regeneration
rElec    .         Reflect  .   v - ring of flight
rCorr    .         Harm     .   (no ring)
MR       .....                  (no ring)
Stlth    +++++.....             (no ring)
HPRegen  0.58/turn              (no ring)
MPRegen  0.15/turn              (no ring)
                                (no ring)
                                (no ring)

@: no status effects
A: almost no armour, stealthy swim, amphibious, 8 rings, constrict 8, camouflage
1, gelatinous body 1
a: Evoke Flight


You were on level 8 of the Dungeon.
You were not hungry.

You visited 1 branch of the dungeon, and saw 7 of its levels.
You also visited: Ossuary.

You collected 395 gold pieces.

Inventory:

Hand Weapons
 d - a +3 whip of electrocution (weapon)
 e - a +2 halberd of venom
 n - a +1 short sword of draining
 x - a +1 dagger of draining
 D - a +5 spear
Missiles
 F - 24 sling bullets
 H - 6 poisoned darts (quivered)
Jewellery
 g - an amulet of regeneration (around mantle)
 v - a ring of flight (left tentacle)
Wands
 l - a wand of iceblast (5)
 p - a wand of clouds (2)
 w - a wand of disintegration (14)
Scrolls
 a - 7 scrolls of identify
 h - 5 scrolls of remove curse
 y - a scroll of random uselessness
 A - 2 scrolls of enchant armour
Potions
 c - 3 potions of might
 f - 3 potions of curing
 i - 3 potions of haste {unknown}
 j - a potion of lignification {unknown}
 m - 3 potions of heal wounds {unknown}
 o - 2 potions of degeneration {unknown}
 q - a potion of magic {unknown}
 r - 2 potions of ambrosia {unknown}
 t - a potion of agility {unknown}
 u - a potion of flight {unknown}
 G - a potion of mutation {unknown}
Comestibles
 b - 9 rations
 k - 10 chunks of flesh


   Skills:
 + Level 3.0 Fighting
 + Level 5.9 Maces & Flails
 + Level 1.3 Throwing
 + Level 4.2 Dodging
 + Level 8.3 Stealth
 + Level 4.6 Spellcasting
 + Level 3.8 Conjurations
 + Level 1.6 Hexes
 + Level 6.1 Fire Magic


You had one spell level left.
You knew the following spells:

 Your Spells              Type           Power        Failure   Level  Hunger
a - Flame Tongue          Conj/Fire      ###..        1%          1    None
b - Conjure Flame         Conj/Fire      ###.....     5%          3    ###....
c - Inner Flame           Hex/Fire       ###.....     9%          3    ###....
d - Sticky Flame          Conj/Fire      ###.....     19%         4    ####...
e - Fireball              Conj/Fire      ###.......   45%         5    ######.

Your spell library contained the following spells:

 Spells                   Type           Power        Failure   Level  Hunger
 Throw Flame              Conj/Fire      ###...       2%          2    #......


Dungeon Overview and Level Annotations

Branches:
Dungeon (8/15)            Ossuary (visited)
 Temple: D:4-7         Lair: D:8-11

Altars:
Gozag
Okawaru
Ru
Uskayaw

Shops:
D:5 [

Annotations:
D:8 3 runed translucent doors


Innate Abilities, Weirdness & Mutations

You cannot wear most types of armour.
You are very stealthy in the water. (Stealth+)
You are amphibious.
You can wear up to eight rings at the same time.
You can use your tentacles to constrict eight enemies at once.
Your skin changes colour to match your surroundings (Stealth+).
Your rubbery body absorbs attacks. (AC +1, EV +1)


Message History

You constrict the orc warrior, but do no damage.
An orc priest comes into view. It is wielding a +0 club.
The orc warrior barely misses you.
You hit the orc warrior.
Lightning courses through the orc warrior!
The orc warrior is severely wounded.
You constrict the orc warrior, but do no damage.
You hit the orc warrior but do no damage.
The orc warrior is severely wounded.
You constrict the orc warrior. The hound bites you.
The orc warrior hits you with a +0 flail!
* * * LOW HITPOINT WARNING * * *
You release your grip on the orc warrior.
The hound closely misses you. The hound bites you.
* * * LOW HITPOINT WARNING * * *
Okay, then.
You feel better. The hound bites you.
* * * LOW HITPOINT WARNING * * *
The orc warrior hits you with a +0 flail!!
You die...

## ##.# ....## #...#
### ##... #.# ..#
#...###.#### ..##
#...#.....###...#
#@h.......#...#
###o%..........#
.....o........#...###..
#.##...####..##..#.#...
##.# ###........#...
.............##....#
#..............##..##
#.# #..............#.
#. #........#.......


You could see an orc warrior and a hound.

Vanquished Creatures
  Grinder (D:4)
  Sigmund (D:3)
  A hungry ghost (D:8)
  A water moccasin (D:7)
  A sky beast (D:5)
  2 ice beasts
  An ogre (D:5)
  2 centaurs (D:8)
  3 bullfrogs
  A gnoll sergeant (D:8)
  5 wights (D:4)
  3 howler monkeys
  A crimson imp (D:7)
  A bullfrog skeleton (D:8)
  3 hounds
  2 gnoll shamans
  4 orc priests
  Natasha (thrice) (D:3)
  2 iguanas
  3 orc wizards
  2 worker ants
  8 mummies (Ossuary)
  Robin (D:4)
  A worker ant zombie (D:4)
  14 gnolls
  2 adders
  A shadow imp (D:7)
  3 oozes
  An adder zombie (D:8)
  An adder skeleton (D:7)
  A worm (D:2)
  A leopard gecko (D:2)
  18 orcs
  A ball python (D:7)
  4 bats
  5 giant cockroaches
  2 gnoll zombies (Ossuary)
  14 hobgoblins
  2 jackals (D:3)
  A quokka (D:7)
  4 frilled lizards
  11 goblins
  2 hobgoblin zombies (Ossuary)
  4 kobolds
  2 kobold zombies (Ossuary)
  2 orc zombies (Ossuary)
  9 rats
158 creatures vanquished.

Vanquished Creatures (collateral kills)
  A gnoll shaman (D:7)
  3 gnolls (D:7)
4 creatures vanquished.

Grand Total: 162 creatures vanquished

Notes
Turn   | Place    | Note
-------+----------+-------------------------------------------
     0 | D:1      | Conn the Octopode Fire Elementalist began the quest for the
                  | Orb.
     0 | D:1      | Reached XP level 1. HP: 11/11 MP: 3/3
    76 | D:1      | Reached XP level 2. HP: 17/17 MP: 0/5
   471 | D:1      | Reached skill level 3 in Stealth
   578 | D:2      | Reached XP level 3. HP: 21/21 MP: 6/6
   780 | D:2      | Reached XP level 4. HP: 23/27 MP: 7/7
   877 | D:2      | Reached skill level 1 in Maces & Flails
  1164 | D:3      | Noticed Sigmund
  1173 | D:3      | Learned a level 3 spell: Conjure Flame
  1177 | D:3      | Learned a level 3 spell: Inner Flame
  1189 | D:3      | Killed Sigmund
  1189 | D:3      | Reached skill level 4 in Stealth
  1189 | D:3      | Reached XP level 5. HP: 20/32 MP: 5/9
  1267 | D:3      | Found an opulent altar of Gozag.
  1408 | D:3      | Found a sacrificial altar of Ru.
  1413 | D:3      | Reached skill level 1 in Fighting
  1413 | D:3      | Reached XP level 6. HP: 38/38 MP: 10/10
  1435 | D:3      | Noticed Natasha
  1445 | D:3      | Killed Natasha
  1787 | D:3      | Found an iron altar of Okawaru.
  1794 | D:3      | Found a hide-covered altar of Uskayaw.
  1899 | D:3      | Noticed Natasha
  1907 | D:3      | Killed Natasha
  1907 | D:3      | Reached skill level 5 in Stealth
  1951 | D:3      | Noticed Natasha
  1962 | D:3      | Killed Natasha
  2205 | D:4      | Reached skill level 6 in Stealth
  2205 | D:4      | Reached XP level 7. HP: 26/43 MP: 2/11
  2211 | D:4      | Reached skill level 1 in Hexes
  2280 | D:4      | Found a sand-covered staircase.
  2280 | D:4      | Noticed Robin
  2374 | D:4      | Killed Robin
  2398 | Ossuary  | Entered an ossuary
  2490 | Ossuary  | Reached skill level 7 in Stealth
  2975 | D:4      | Reached XP level 8. HP: 28/48 MP: 9/12
  3465 | D:4      | Noticed Grinder
  3472 | D:4      | Killed Grinder
  3596 | D:5      | Entered Level 5 of the Dungeon
  3657 | D:5      | Found Cikuss's Antique Armour Shoppe.
  3818 | D:5      | Reached skill level 5 in Fire Magic
  3873 | D:5      | You fall into a shaft and drop 2 floors!
  3922 | D:7      | Reached skill level 1 in Throwing
  3958 | D:7      | Reached skill level 5 in Maces & Flails
  3966 | D:7      | Reached XP level 9. HP: 49/55 MP: 4/14
  4789 | D:8      | Reached skill level 8 in Stealth
  4957 | D:8      | Found a runed translucent gate.
  4958 | D:8      | Found a runed translucent gate.
  4959 | D:8      | Found a runed translucent gate.
  4959 | D:8      | Noticed a red ugly thing
  4975 | D:8      | Noticed a green ugly thing
  5013 | D:8      | Learned a level 4 spell: Sticky Flame
  5019 | D:8      | Learned a level 5 spell: Fireball
  5101 | D:8      | Mangled by an orc warrior

Levels and vault maps discovered:
D:1:      onia_arrival_handbag, layout_loops_ring
D:2:      layout_basic
D:3:      layout_loops_cross, nicolae_ru_great_annihilating_truth,
          nicolae_gozag_seed_capital, amethyst_overflow_temple_binary,
          uniq_natasha, uniq_sigmund
D:4:      layout_rooms, first_ration, nicolae_ossuary_entry_false_entrances,
          kennysheep_windowed_goal, uniq_robin, uniq_grinder
D:5:      layout_layer_cave, minmay_temple_entry_butterflies, serial_shops,
          shop, elyvilon_altar_3
D:7:      layout_basic
D:8:      layout_cave_pools, ploomutoo_gammafunk_ghost_potion_laboratory

Skill      XL: |  1  2  3  4  5  6  7  8  9 |
---------------+----------------------------+-----
Stealth        | 3 4 6 7 8 |  8.3
Maces & Flails | 2 3 5 |  5.9
Fire Magic     | 4 5 6 |  6.1
Fighting       | 1 2 3 |  3.0
Hexes          | 1 |  1.6
Dodging        | 3 4 |  4.2
Conjurations   | 2 3 |  3.8
Spellcasting   | 3 4 |  4.6
Throwing       | 1 |  1.3

Action                   |  1- 3 |  4- 6 |  7- 9 || total
-------------------------+-------+-------+-------++-------
Melee: Unarmed           |     3 |       |       ||     3
       Constrict         |     3 |    18 |    42 ||    63
       Whip              |    21 |    75 |   191 ||   287
       Tentacles         |     3 |    11 |    27 ||    41
Throw: Dart              |       |       |     6 ||     6
 Cast: Flame Tongue      |    16 |    10 |    72 ||    98
       Inner Flame       |       |     1 |     6 ||     7
       Conjure Flame     |       |       |     6 ||     6
Evoke: Wand              |       |       |     1 ||     1
  Use: Potion            |       |     3 |     1 ||     4
       Scroll            |       |       |    15 ||    15
 Stab: Sleeping          |     4 |    12 |     6 ||    22
       Invisible         |       |     2 |       ||     2
       Distracted        |       |       |     1 ||     1
  Eat: Chunk             |       |     4 |    13 ||    17
Armor: Skin              |     2 |     5 |    11 ||    18
Dodge: Dodged            |    17 |    67 |   126 ||   210

Table legend:
 A = Non-vault XP
 B = Vault XP
 C = Vault XP percentage of total XP
 D = Non-vault monster count
 E = Vault monster count
 F = Vault count percentage of total count
                 A         B        C        D         E       F
            +---------+---------+-------+---------+---------+-------
      Total |    3076 |     778 |  20.2 |     126 |      36 |  22.2
            +---------+---------+-------+---------+---------+-------
        D:1 |      14 |      16 |  53.3 |      10 |       4 |  28.6
        D:2 |      69 |       0 |   0.0 |      16 |       0 |   0.0
        D:3 |     116 |     282 |  70.9 |      21 |       6 |  22.2
        D:4 |     883 |     326 |  27.0 |      30 |      10 |  25.0
        D:5 |     263 |       0 |   0.0 |       6 |       0 |   0.0
        D:7 |     776 |       0 |   0.0 |      28 |       0 |   0.0
        D:8 |     955 |       0 |   0.0 |      15 |       0 |   0.0
    Ossuary |       0 |     154 | 100.0 |       0 |      16 | 100.0
            +---------+---------+-------+---------+---------+-------
